[Event "NJSK 2021 Jeugd B"]
[Site "Almelo, Netherlands"]
[Date "2021.08.01"]
[Round "1.1"]
[White "Pham, Khoi"]
[Black "Kien, Clovis"]
[Result "1-0"]
[TimeControl "90min/40moves + 30min + 30sec/move"]
[WhiteElo "2128"]
[BlackElo "1683"]

1. d4 Nf6 2. c4 g6 3. Nc3 Bg7 4. e4 d6 5. h3 O-O 6. Be3 e5 7. d5 a5 8. g4 Na6 9. Nge2 h5 10.
f3 Nc5 11. Bg5 Qe8 12. Qd2 Nh7 13. gxh5 Nxg5 14. Qxg5 Nd3+ 15. Kd2 Nxb2 16. Nc1 Kh7 17. Kc2 Na4 18. Nb5 Bd7 19. Nxc7 Qd8 20. Qxd8 Raxd8 21. Rb1 Nc5 22.
Nd3 Ba4+ 23. Kc3 Rd7 24. Nxc5 dxc5 25. hxg6+ fxg6 26. Ne6 Rxf3+ 27. Bd3 Rf2 28. Nxc5 Bh6 29. Nxa4 Rxa2 30. Bc2 Rf7 31.
Kb3 1-0

[Event "NJSK 2021 Jeugd B"]
[Site "Almelo, Netherlands"]
[Date "2021.08.01"]
[Round "1.2"]
[White "Goudriaan, Rafael"]
[Black "Slagboom, Leandro"]
[Result "0-1"]
[TimeControl "90min/40moves + 30min + 30sec/move"]
[WhiteElo "1677"]
[BlackElo "1996"]

1. e4 c5 2. Nc3 Nc6 3. f4 g6 4. Nf3 Bg7 5. d3 d6 6. Be2 Nf6 7. O-O Bg4 8. h3 Bxf3 9. Bxf3 O-O 10.
Be3 Nd4 11. Ne2 Qb6 12. Rb1 e5 13. c3 Nxe2+ 14. Qxe2 Nd7 15. g4 exf4 16. Bxf4 Rfe8 17. Bg2 d5 18. Qf2 d4 19. c4 Be5 20. Bg5 Qe6 21. b4 cxb4 22.
Rxb4 b6 23. Rb5 Nc5 24. Qf3 Rab8 25. Rb2 Rb7 26. Rff2 Rd7 27. Bf1 Kg7 28. h4 h6 29. Bd2 Rc7 30. Bh3 Qe7 31. g5 hxg5 32.
Bxg5 f6 33. Bd2 Rh8 34. Qg4 Nxd3 35. Rg2 Qe8 36. Rb3 Nc5 37. Rf3 Kf8 38. Bf4 Bxf4 39. Qxf4 Rf7 40. Rxg6 Qe5 41. Rxf6 Qxf6 42. Qxf6 Rxf6 43. Rxf6+ Ke7 44.
Rf4 Kd6 45. Bf1 Ke5 46. Rg4 d3 47. Bg2 d2 48. Bf3 Rd8 49. Rg5+ Kf4 50. Bd1 Nxe4 51. Rd5 Rxd5 52. cxd5 Nc3 53.
Bb3 Nxd5 54. h5 Kg5 55. Kf2 Nc3 56. h6 Kxh6 0-1

[Event "NJSK 2021 Jeugd B"]
[Site "Almelo, Netherlands"]
[Date "2021.08.01"]
[Round "1.3"]
[White "Boghossian, Wahe"]
[Black "Arnold, Lorin"]
[Result "1-0"]
[TimeControl "90min/40moves + 30min + 30sec/move"]
[WhiteElo "1915"]
[BlackElo "1651"]

1. e4 e5 2. Nf3 d6 3. d4 Bg4 4. dxe5 Bxf3 5. Qxf3 dxe5 6. Bc4 Nf6 7. Qb3 Bc5 8. Bxf7+ Kf8 9. O-O Nc6 10. Bd5 Nd4 11. Qd3 c6 12.
Bb3 Nxb3 13. Qxb3 Nxe4 14. Be3 b6 15. Nc3 Nxc3 16. Bxc5+ bxc5 17. Qxc3 Qe7 18. Rae1 Re8 19. Re4 Qd6 20. f4 Qd5 21. fxe5+ Ke7 22. Ref4 Rhf8 23. Qf3 Rxf4 24. Qxf4 Qd4+ 25. Qf2 Rf8 26. Qxd4 Rxf1+ 27. Kxf1 cxd4 28. Ke2 Ke6 29. Kd3 Kxe5 30. Kc4 Ke4 31.
b4 Ke3 32. a4 h5 33. Kc5 Kf2 34. Kxc6 Kxg2 35. h4 Kg3 36. b5 Kxh4 37. a5 g5 38. b6 axb6 39. axb6 g4 40. b7 g3 41. b8=Q Kh3 42. Qc8+ Kg2 43.
Qh8 Kf2 44. Qxd4+ Kf1 45. Qd1+ Kf2 46. Qxh5 1-0

[Event "NJSK 2021 Jeugd B"]
[Site "Almelo, Netherlands"]
[Date "2021.08.01"]
[Round "1.4"]
[White "Zubair, Saad"]
[Black "Achuthan, Dylan"]
[Result "0-1"]
[TimeControl "90min/40moves + 30min + 30sec/move"]
[WhiteElo "1645"]
[BlackElo "1888"]

1. d4 Nf6 2. c4 g6 3. Nc3 d5 4. Bg5 Ne4 5. Nxe4 dxe4 6. e3 c6 7. Qd2 Bg7 8. f4 c5 9. d5 b5 10.
cxb5 a6 11. Ne2 f5 12. Nc3 Qd6 13. Bc4 Nd7 14. Rd1 Nb6 15. b3
h6 16. Bh4 e5 17. Ne2 exf4 18. exf4 Nxc4 19. bxc4 axb5 20.
cxb5 Ra3 21. O-O Rd3 22. Qa5 O-O 23. Bf2 Bb7 24. Rxd3 exd3 25.
Nc3 Ra8 26. Ne4 fxe4 27. Qd2 Qxd5 28. Qe3 Bd4 29. Qg3 Bxf2+ 30.
Rxf2 Qf5 31. Qe3 Rd8 32. h3 Qd5 33. Qg3 Rd6 34. f5 d2 35. f6
d1=Q+ 36. Kh2 Kf7 37. Qf4 g5 38. Qg3 Re6 39. Qc7+ Qd7 0-1

[Event "NJSK 2021 Jeugd B"]
[Site "Almelo, Netherlands"]
[Date "2021.08.01"]
[Round "1.5"]
[White "Yeh, Timo"]
[Black "Boeren, Jurriaan"]
[Result "1-0"]
[TimeControl "90min/40moves + 30min + 30sec/move"]
[WhiteElo "1819"]
[BlackElo "1614"]

1. d4 e6 2. e4 d5 3. exd5 exd5 4. Nf3 Bd6 5. Bd3 Ne7 6. O-O O-O 7. Re1 Nbc6 8. c3 Bf5 9. Bg5 f6 10.
Bh4 Qd7 11. Qc2 Rfe8 12. Nbd2 Bxd3 13. Qxd3 Qf5 14. Qb5 a6 15. Qb3 Kh8 16. Bg3 Bxg3 17. hxg3 b6 18. Nf1 Na5 19. Qb4 Nec6 20. Qa3 Nc4 21.
Rxe8+ Rxe8 22. Qxa6 Nxb2 23. Qb5 Nd3 24. Qxc6 1-0

[Event "NJSK 2021 Jeugd B"]
[Site "Almelo, Netherlands"]
[Date "2021.08.01"]
[Round "1.6"]
[White "Wierenga, Jael"]
[Black "Aarts, Joaquin"]
[Result "1/2-1/2"]
[TimeControl "90min/40moves + 30min + 30sec/move"]
[WhiteElo "1565"]
[BlackElo "1736"]

1. d4 Nf6 2. Bf4 e6 3. e3 b6 4. Nd2 Bb7 5. Ngf3 c5 6. Nc4 d5 7. Nce5 a6 8. Ng5 Rg8 9. Ngxf7 Qc8 10.
Ng5 h6 11. Ngf3 g5 12. Bg3 Bd6 13. Bd3 Nc6 14. h3 Qc7 15. c3 c4 16. Bc2 O-O-O 17. Rb1 Ne4 18. Bxe4 dxe4 19. Nxc6 Bxc6 20. Bxd6 Qxd6 21. Ne5 Qd5 22. b3 cxb3 23. Qxb3 b5 24. Qxd5 Bxd5 25. Rb2 Rg7 26. O-O Rdg8 27. g3 Rc7 28. Rc1 Rf8 29.
Rbc2 Bc4 30. Kg2 Kb7 31. Rb2 Ka7 32. a3 Bd5 33. a4 bxa4 34. c4
Rfc8 35. Rb4 a3 36. Ra4 Bxc4 37. Rxa3 Bb5 38. Rb1 Rb7 39. Ng4
Rh8 40. Rba1 Rc7 41. Ra5 Kb7 42. Rb1 Rc2 43. Nf6 Rf8 44. Nxe4
Kc7 45. Kg1 Bd3 46. Nc5 Rfxf2 47. Nxd3 Rg2+ 48. Kf1 Rh2 49.
Kg1 Rhg2+ 1/2-1/2

[Event "NJSK 2021 Jeugd B"]
[Site "Almelo, Netherlands"]
[Date "2021.08.01"]
[Round "1.7"]
[White "Van Kuijk, Vadim"]
[Black "Franke, Daniel"]
[Result "1-0"]
[TimeControl "90min/40moves + 30min + 30sec/move"]
[WhiteElo "1722"]
[BlackElo "1554"]

1. e4 e5 2. Nc3 Nf6 3. f4 d6 4. Nf3 Nc6 5. Bc4 Bg4 6. d3 exf4 7. Bxf4 Qd7 8. h3 Bxf3 9. Qxf3 Ne5 10. Qe3 Be7 11. Bxe5 dxe5 12.
Qg3 Qd4 13. Qxg7 Qe3+ 14. Ne2 Rf8 15. Rf1 Qb6 16. O-O-O O-O-O 17. Nc3 1-0

[Event "NJSK 2021 Jeugd B"]
[Site "Almelo, Netherlands"]
[Date "2021.08.01"]
[Round "1.8"]
[White "Groen, Jari"]
[Black "Shadrin, Mitia"]
[Result "0-1"]
[TimeControl "90min/40moves + 30min + 30sec/move"]
[WhiteElo "1423"]
[BlackElo "1698"]

1. e4 c5 2. Nf3 g6 3. d4 cxd4 4. Nxd4 Nc6 5. c4 Nf6 6. Nc3 Nxd4 7. Qxd4 d6 8. Be2 Bg7 9. Be3 O-O 10.
Qd2 Qa5 11. O-O Be6 12. f3 Rfc8
13. Nd5 Qxd2 14. Bxd2 Nxd5 15. exd5 Bd7 16. Kh1 b5 17. Rac1 bxc4 18. Rxc4 Rxc4 19.
Bxc4 Bxb2 20. Rb1 Bf6 21. Rb7 Bc8 22. Rb3 Bd4 23. Be3 Bxe3 24.
Rxe3 Rb8 25. Kg1 Kf8 26. Kf2 Rb2+ 27. Re2 Rxe2+ 28. Kxe2 Ke8 29.
Kd3 Kd8 30. Kd4 Kc7 31. f4 Kb6 32. Bb3 Bd7 33. h3 Ka5 34. a3
Ba4 35. Bc4 Bb5 36. Bb3 Bf1 37. h4 Bxg2 38. Ke3 Kb5 39. Kd4
Bf1 40. Bc2 Bc4 41. f5 Ba2 42. fxg6 hxg6 43. Bd1 Bb1 44.
Ke3 Kc5 45. Bb3 a5 46. Kf4 f6 47. Ke3 Bf5 48. Kf4 Bd3 49. Bd1
Kxd5 50. h5 gxh5 51. Bxh5 Kd4 52. Bd1 e5 53. Kf3 f5 54. Kf2 e4 0-1

[Event "NJSK 2021 Jeugd B"]
[Site "Almelo, Netherlands"]
[Date "2021.08.02"]
[Round "2.1"]
[White "Achuthan, Dylan"]
[Black "Pham, Khoi"]
[Result "0-1"]
[TimeControl "90min/40moves + 30min + 30sec/move"]
[WhiteElo "1888"]
[BlackElo "2128"]

1. b3 c5 2. Bb2 Nc6 3. Nf3 Nf6 4. e3 d5 5. Bb5 Bg4 6. Bxc6+ bxc6 7. h3 Bh5 8. d3 e6 9. Nbd2 Be7 10.
g4 Bg6 11. Ne5 Qc7 12. Ndf3 O-O 13. h4 h5 14. g5 Ng4 15. Nxg4 hxg4 16. Nd2 g3 17. Qe2 gxf2+ 18. Qxf2 Bh5 19.
Nf3 f6 20. g6 Qa5+ 21. Qd2 Qxd2+ 22. Nxd2 Bxg6 23. O-O-O Bh5 24. Rdg1 Kf7 25. Nf1 Rh8 26. Kd2 Bd6 27. Ng3 Bf3 28.
Rh3 g5 29. Nf5 exf5 30. Rxf3 Kg6 31.
hxg5 Rh2+ 32. Kd1 fxg5 33. e4 Rf8 34. e5 Be7 35. Bc1 Kh5 36. Bd2 f4 37. Ke1 Rf5 38. Kd1 Rxe5 39. Bxf4 gxf4 40.
Rg7 Bg5 41. Rf1 f3 42. Rh7+ Bh6 0-1

[Event "NJSK 2021 Jeugd B"]
[Site "Almelo, Netherlands"]
[Date "2021.08.02"]
[Round "2.2"]
[White "Slagboom, Leandro"]
[Black "Yeh, Timo"]
[Result "1-0"]
[TimeControl "90min/40moves + 30min + 30sec/move"]
[WhiteElo "1996"]
[BlackElo "1819"]

1. d4 d5 2. c4 e6 3. Nf3 Nf6 4. g3 dxc4 5. Bg2 Bd7 6. Ne5 Bc6 7. Nxc6 Nxc6 8. O-O Qd7 9. e3 Nd5 10.
Nd2 Nb6 11. Qe2 Na5 12. b3 cxb3 13. axb3 Bb4 14. Ba3 Bxd2 15. Qxd2 Nxb3 16. Qc3 Nxa1 17. Bxb7 c5 18. Bxa8 Nxa8 19.
dxc5 f6 20. Qxa1 Kf7 21. Rd1 Qc7 22. Qd4 Re8 23. Qe4 h6 24. Rd6 Qc8 25. Qd3 Nc7 26. Rd7+ Kg8 27. c6 e5 28. Qg6 Ne6 29.
Qf7+ Kh8 30. Be7 Ng5 31. Qxe8+ Qxe8 32.
Rd8 Qxd8 33. Bxd8 1-0

[Event "NJSK 2021 Jeugd B"]
[Site "Almelo, Netherlands"]
[Date "2021.08.02"]
[Round "2.3"]
[White "Shadrin, Mitia"]
[Black "Boghossian, Wahe"]
[Result "0-1"]
[TimeControl "90min/40moves + 30min + 30sec/move"]
[WhiteElo "1698"]
[BlackElo "1915"]

1. e4 c5 2. Nf3 d6 3. d4 cxd4 4. Qxd4 Bd7 5. Be3 Nc6 6. Qd2 Nf6 7. Nc3 Ng4 8. Bf4 g6 9. h3 Nf6 10.
Bh6 Bxh6 11. Qxh6 Qb6 12. O-O-O Rc8 13. a3 Qxf2 14. Bb5 Qc5 15. Bxc6 Bxc6 16. Rhe1 Qh5 17. Qf4 O-O 18. e5 Bxf3 19.
gxf3 dxe5 20. Rxe5 Qxh3 21. Rxe7 Rc6 22. Rxb7 a6 23. Kb1 Qc8 24. Re7 Rb6 25. Nd5 Nxd5 26. Rxd5 Qc3 27. Qc1 Rfb8 28.
Ka1 Rxb2 29. Rd3 Rb1+ 30. Ka2 Qa1# 0-1

[Event "NJSK 2021 Jeugd B"]
[Site "Almelo, Netherlands"]
[Date "2021.08.02"]
[Round "2.4"]
[White "Aarts, Joaquin"]
[Black "Van Kuijk, Vadim"]
[Result "0-1"]
[TimeControl "90min/40moves + 30min + 30sec/move"]
[WhiteElo "1736"]
[BlackElo "1722"]

1. d4 f5 2. g3 e6 3. Bg2 Nf6 4. c4 Be7 5. Nc3 O-O 6. e3 d6 7. Nf3 Nbd7 8. d5 e5 9. e4 Nc5 10.
exf5 Bxf5 11. Nh4 Nd3+ 12. Kf1 Qd7 13. h3 Nc5 14. Be3 Bd3+ 15. Kg1 Bxc4 16. b3 Ba6 17. b4 Nd3 18. Rb1 Bc4 19.
Bf1 e4 20. Nxe4 Nxe4 21. Bxd3 Nc3 22. Bxh7+ Kxh7 23. Qc2+ Kg8 24. Qxc3 Bxd5 25. Rh2 Bxh4 26. gxh4 Rf3 27. Qd4 c6 28.
Qg4 Qf7 29. Rd1 Rf8 30. a3 Bb3 31. Re1 Be6 32. Qg2 Qd7 33. Bh6 Bxh3 34. Qg5 R8f5 35. Qg6 Re5 36. Rd1 Re6 37. Qh5 Qe7 38.
Be3 Rexe3 39. fxe3 Rg3+ 40. Kh1 Qe4+ 41. Rg2 Qxg2# 0-1

[Event "NJSK 2021 Jeugd B"]
[Site "Almelo, Netherlands"]
[Date "2021.08.02"]
[Round "2.5"]
[White "Kien, Clovis"]
[Black "Wierenga, Jael"]
[Result "1-0"]
[TimeControl "90min/40moves + 30min + 30sec/move"]
[WhiteElo "1683"]
[BlackElo "1565"]

1. d4 Nf6 2. c4 e6 3. Nf3 d5 4. e3 Be7 5. Nc3 O-O 6. Be2 a6 7. O-O Nbd7 8. Ne5 c6 9. Qc2 Qc7 10.
f4 dxc4 11. Bxc4 b5 12. Bd3 Bb7 13. Ne4 h6 14. Ng3 c5 15. b3 Rac8 16. Qe2 Rfd8 17. Bb2 Qb6 18. f5 Nxe5 19. dxe5 Nd5 20.
f6 Bf8 21. fxg7 Bxg7 22. Nh5 c4 23. Bd4 Qc7 24. Qg4 Kf8 25. Qxg7+ Ke8 26. Qg8+ Kd7 27. Qxf7+ Ne7 28. Nf6+ Kc6 29.
Qxe6+ 1-0

[Event "NJSK 2021 Jeugd B"]
[Site "Almelo, Netherlands"]
[Date "2021.08.02"]
[Round "2.6"]
[White "Boeren, Jurriaan"]
[Black "Goudriaan, Rafael"]
[Result "1-0"]
[TimeControl "90min/40moves + 30min + 30sec/move"]
[WhiteElo "1614"]
[BlackElo "1677"]

1. e4 e5 2. Nf3 Nc6 3. d4 exd4 4. Nxd4 d6 5. Nc3 Bd7 6. Be3 Nf6 7. f3 g6 8. Qd2 Bg7 9. Nxc6 Bxc6 10.
Bc4 Qe7 11. O-O-O a6 12. Rhe1 b5 13. Bd5 Qd7 14. Bxc6 Qxc6 15. Nd5 Nd7 16. Bh6 Kf8 17. g4 Qc4 18. b3 Qc5 19. Kb1 c6 20.
Nc7 Ra7 21. Bxg7+ Kxg7 22. b4 Qb6 23. Qc3+ f6 24. Ne6+ Kf7 25. Rxd6 Ne5 26. f4 Nxg4 27. h3 Qb8 28. Red1 Re8 29.
Nd8+ Kg8 30. hxg4 Rae7 31. Nxc6 Rc7 32. Qb3+ 1-0

[Event "NJSK 2021 Jeugd B"]
[Site "Almelo, Netherlands"]
[Date "2021.08.02"]
[Round "2.7"]
[White "Arnold, Lorin"]
[Black "Groen, Jari"]
[Result "0-1"]
[TimeControl "90min/40moves + 30min + 30sec/move"]
[WhiteElo "1651"]
[BlackElo "1423"]

1. f4 c5 2. Nf3 Nc6 3. b3 d5 4. Bb2 Nf6 5. e3 a6 6. d4 e6 7. Be2 Bd6 8. O-O O-O 9. Ne5 Ne7 10.
Nd2 Nf5 11. Rf3 cxd4 12. exd4 Be7 13. c3 Nd6 14. Bd3 Nfe4 15. Rh3 f5 16. Ndf3 Bd7 17. Nxd7 Qxd7 18. Ne5 Qe8 19. Rc1 Nf7 20.
g4 Nxe5 21. fxe5 Nf2 22. Kxf2 fxg4+ 23. Ke1 gxh3 24. Qg4 Qf7 25. Rc2 Rac8 26. Qxh3 h6 27. Rg2 Bg5 28. Rxg5 Qf2+ 29. Kd1 hxg5 30.
Qh7+ Kf7 31. Bg6+ Ke7 32. Ba3+ Kd8 33. Bd3 Rf7 34. Bc5 Rxc5 35. dxc5 Qxc5 36. Qg6 Qg1+ 37. Kd2 Qxh2+ 38. Be2 Qf4+ 39.
Kd1 Ke7 40. c4 Qxe5 41. cxd5 Qxd5+ 42. Ke1 Qf5 43. Qh5 Qf2+ 44. Kd2 Qf4+ 45. Kd1 Rf8 46. Qg6 Rd8+ 47. Ke1 Qg3+ 48. Kf1 Rf8+ 0-1

[Event "NJSK 2021 Jeugd B"]
[Site "Almelo, Netherlands"]
[Date "2021.08.02"]
[Round "2.8"]
[White "Franke, Daniel"]
[Black "Zubair, Saad"]
[Result "0-1"]
[TimeControl "90min/40moves + 30min + 30sec/move"]
[WhiteElo "1554"]
[BlackElo "1645"]

1. e4 c5 2. Nf3 e6 3. Nc3 Nf6 4.
Bc4 d5 5. exd5 exd5 6. Bb3 Be7 7. d3 O-O 8. O-O Bg4 9. h3 Bh5 10. Bf4 a6 11. Ne2 Bxf3 12. gxf3 Qc8 13. Nc3 c4 14.
dxc4 dxc4 15. Qe2 Nc6 16. Qxc4 Qxh3 17. Bg3 g5 18. Nd5 h5 19. Qd3 Rac8 20. Nxf6+ Bxf6 21. Qg6+ Bg7 22. Qxg5 Nd4 0-1

[Event "NJSK 2021 Jeugd B"]
[Site "Almelo, Netherlands"]
[Date "2021.08.03"]
[Round "3.1"]
[White "Pham, Khoi"]
[Black "Boghossian, Wahe"]
[Result "1-0"]
[TimeControl "90min/40moves + 30min + 30sec/move"]
[WhiteElo "2128"]
[BlackElo "1915"]

1. d4 Nf6 2. c4 g6 3. Nc3 Bg7 4. e4 d6 5. h3 O-O 6. Be3 Na6 7. g4 c5 8. d5 e6 9. Bd3 exd5 10.
exd5 Nc7 11. a4 Nd7 12. Nf3 Ne5 13. Nxe5 Bxe5 14. O-O Qh4 15. Kg2 f5 16. gxf5 Rxf5 17. Bxf5 Bxf5 18. Rh1 Rf8 19.
f4 Bxc3 20. bxc3 Be4+ 21. Kh2 Bxh1 22. Qxh1 Re8 23. Qf3 Qe7 24. Bf2 Qe2 25. Qxe2 Rxe2 26. Kg3 Re4 27. Rb1 b6 28. a5 Rxc4 29.
axb6 axb6 30. Rxb6 Rxc3+ 31. Kg4 Nxd5 32. Rxd6 Ne3+ 33. Kg5 Nf5 34. Rd7 Ra3 35. Bxc5 Ra8 36. h4 Ng7 37. Bd6 Ra5+ 38.
Be5 Nh5 39. Rb7 Ra8 40. Kh6 Ng3 41. Rg7+ Kf8 42. Bd6+ 1-0

[Event "NJSK 2021 Jeugd B"]
[Site "Almelo, Netherlands"]
[Date "2021.08.03"]
[Round "3.2"]
[White "Van Kuijk, Vadim"]
[Black "Slagboom, Leandro"]
[Result "0-1"]
[TimeControl "90min/40moves + 30min + 30sec/move"]
[WhiteElo "1722"]
[BlackElo "1996"]

1. e4 c5 2. Nc3 Nc6 3. f4 g6 4.
Nf3 Bg7 5. Bb5 Nd4 6. Bc4 e6 7. d3 Ne7 8. O-O O-O 9. e5 d5 10. exd6 Nef5 11. Ne4 b5 12. Bb3 Qb6 13. Kh1 Bb7 14.
Ne5 c4 15. c3 cxb3 16. cxd4 Qxd4 17. Nf3 Qb6 18. Qxb3 Nxd6 19. Nxd6 Qxd6 20. Be3 a6 21. Rac1 Rfd8 22. d4 Bxf3 23.
Rxf3 Bxd4 24. Rd1 Qb6 25. Bxd4 Rxd4 26. Rc1 Qd6 27. f5 exf5 28. Rfc3 Rd8 29. Rc8 Kg7 30. Rxd8 Qxd8 31. h3 Qf6 32.
Qe3 Re4 33. Qa3 Re2 0-1

[Event "NJSK 2021 Jeugd B"]
[Site "Almelo, Netherlands"]
[Date "2021.08.03"]
[Round "3.3"]
[White "Groen, Jari"]
[Black "Achuthan, Dylan"]
[Result "0-1"]
[TimeControl "90min/40moves + 30min + 30sec/move"]
[WhiteElo "1423"]
[BlackElo "1888"]

1. e4 Nf6 2. e5 Nd5 3. g3 d6 4. exd6 Qxd6 5. Bg2 Nc6 6. d4 Ndb4 7. a3 Nxc2+ 8. Qxc2 Nxd4 9. Qd3 Bf5 10.
Be4 Bxe4 11. Qxe4 f5 12. Qd3 Qc6 13. Qxd4 Rd8 14. Qe3 Qxh1 15. f4 g6 16. Qxa7 Bg7 17. Qa4+ c6 18. Be3 O-O 19.
Nd2 Qxh2 20. Qc4+ Kh8 21. O-O-O Qxg3 22. Ngf3 Rxd2 23. Bxd2 Qxf3 24. Qb4 c5 25. Qxc5 Qb3 26. Bc3 Bxc3 27.
bxc3 Qe6 28. a4 Rc8 29. Qb4 Qe3+ 30. Kc2 b6 31. Rd5 Qe2+ 32. Kb3 Qe6 33. Qd4+ Kg8 34. Kb4 Qe1 35. Qxb6 Qxc3+ 36. Kb5 Qc4+ 0-1

[Event "NJSK 2021 Jeugd B"]
[Site "Almelo, Netherlands"]
[Date "2021.08.03"]
[Round "3.4"]
[White "Yeh, Timo"]
[Black "Kien, Clovis"]
[Result "1/2-1/2"]
[TimeControl "90min/40moves + 30min + 30sec/move"]
[WhiteElo "1819"]
[BlackElo "1683"]

1. c4 Nf6 2. Nc3 g6 3. g3 Bg7 4.
Bg2 O-O 5. Nf3 d5 6. cxd5 Nxd5 7. d4 c5 8. e4 Nxc3 9. bxc3 Nc6 10. Be3 Bg4 11. e5 Qa5 12. O-O Rad8 13. Qb3 Bxf3 14.
Bxf3 cxd4 15. cxd4 Nxd4 16. Bxd4 Rxd4 17. Qxb7 Qxe5 18. Rae1 Qf5 19. Rxe7 Bf6 20. Re2 Rfd8 21. Re3 Rd2 22.
Be4 Qc5 23. Rf3 R8d7 24. Qb3 Kg7 25. Bd3 Rb2 26. Qa4 Rd4 27. Qe8 Rd8 28. Qe4 Rb4 29. Qe1 Rbd4 30. Qe2 Rb4 31. Rd1 Rb2 32.
Qe4 Rb4 33. Qe1 Rb2 34. Rc1 Qd5 35. Kg2 Qb7 36. Be4 Qe7 37. Qe3 Rxa2 38. Rb1 Rad2 39. Rb7 R2d7 40. Qxa7 Rxb7 41. Qxb7 Qxb7 42.
Bxb7 Rd2 43. Ba6 Bd4 44. g4 g5 45. Bc4 f6 46. Be6 h5 47. gxh5 Rxf2+ 1/2-1/2

[Event "NJSK 2021 Jeugd B"]
[Site "Almelo, Netherlands"]
[Date "2021.08.03"]
[Round "3.5"]
[White "Zubair, Saad"]
[Black "Shadrin, Mitia"]
[Result "0-1"]
[TimeControl "90min/40moves + 30min + 30sec/move"]
[WhiteElo "1645"]
[BlackElo "1698"]

1. d4 d5 2. c4 e6 3. Nc3 Nf6 4.
Bg5 c6 5. Nf3 Nbd7 6. a3 Be7 7. Nd2 h6 8. Bf4 O-O 9. e3 dxc4 10. Bxc4 Nb6 11. Be2 Nbd5 12. Bg3 Nxc3 13. bxc3 Nd5 14.
Qc2 b6 15. Bf3 Bb7 16. O-O Rc8 17. Qd3 Qd7 18. Nc4 Ba6 19. Nxb6 Qb7 20. Nc4 Qb3 21. Rfb1 Qxc4 22. Qxc4 Bxc4 23.
Rb7 Bf6 24. Bxd5 cxd5 25. Rxa7 Ra8 26. Rd7 Bb5 27. Rb7 Bc6 28. Rb6 Rfc8 29. h3 Bd8 30. Rb4 Bc7 31. f4 Ra4 32. Be1 Rca8 33.
Rb3 Rb8 34. Rxb8+ Bxb8 35. Bd2 Bd6 36. Bc1 Ra7 37. Kf2 Rb7 38. Ke1 Rb3 39. Kd2 Ba4 40. Ra2 Rb1 41. g3 Kf8 42. g4 g5 43.
fxg5 hxg5 44. Rb2 Rxc1 45. Rb6 Rc2+ 46. Kd3 Rh2 47. Rxd6 Bc2# 0-1

[Event "NJSK 2021 Jeugd B"]
[Site "Almelo, Netherlands"]
[Date "2021.08.03"]
[Round "3.6"]
[White "Wierenga, Jael"]
[Black "Boeren, Jurriaan"]
[Result "0-1"]
[TimeControl "90min/40moves + 30min + 30sec/move"]
[WhiteElo "1565"]
[BlackElo "1614"]

1. d4 d5 2. Bf4 e6 3. e3 c5 4. Nf3 Bd6 5. Bg3 Nf6 6. Nbd2 O-O 7. c3 Qc7 8. dxc5 Qxc5 9. Bd3 Qc7 10.
Qe2 Nbd7 11. Rd1 h6 12. e4 Bxg3 13. hxg3 dxe4 14. Nxe4 b6 15. Nfd2 Bb7 16. g4 Qf4 17. f3 Nxe4 18.
Nxe4 Ne5 19. Bc2 Rad8 20. O-O Bxe4 21. Bxe4 Rc8 22. Rd4 Qf6 23. Rfd1 Rfd8 24. Qb5 Rxd4 25. Rxd4 Qh4 26. Bh7+ Kxh7 27.
Qxe5 Rd8 28. g3 Qe7 29. Kf2 Rxd4 30. Qxd4 Qc7 31. a4 a5 32. f4 Qc6 33. Ke3 g6 34. Kd3 Qf3+ 35. Qe3 Qd1+ 36.
Qd2 Qxa4 37. Qe1 Qb5+ 38. Kc2 Qd5 39. Qe3 b5 40. Qe5 Qg2+ 41. Kb3 a4+ 42. Ka3 Qc6 43. Kb4 Qc4+ 44. Ka5 a3 45.
bxa3 Qa4+ 46. Kb6 Qxa3 47. Kxb5 Qb3+ 48. Kc5 g5 49. Kd6 gxf4 50. gxf4 Qa3+ 51. Kd7 Qa7+ 52. Qc7 Qxc7+ 53.
Kxc7 f5 54. gxf5 exf5 55. c4 h5 56. c5 h4 57. Kd6 h3 58. c6 h2 59. c7 h1=Q 60.
c8=Q Qe4 61. Qd7+ Kg6 62. Qe6 Kh5 63. Qxe4 fxe4 64. f5 e3 65. f6 Kg6 66. Ke7 e2
67. f7 e1=Q+ 68. Kf8 Qf2 69. Kg8 Qxf7+ 70. Kh8 Qe8# 0-1

[Event "NJSK 2021 Jeugd B"]
[Site "Almelo, Netherlands"]
[Date "2021.08.03"]
[Round "3.7"]
[White "Goudriaan, Rafael"]
[Black "Aarts, Joaquin"]
[Result "1/2-1/2"]
[TimeControl "90min/40moves + 30min + 30sec/move"]
[WhiteElo "1677"]
[BlackElo "1736"]

1. e4 c5 2. Nc3 a6 3. f4 b5 4. Nf3 Bb7 5. d3 e6 6. Be2 d5 7. f5 b4 8. fxe6 bxc3 9. exf7+ Kxf7 10.
Ng5+ Ke8 11. Bh5+ g6 12. Qf3 Qf6 13. O-O Qxf3 14. Bxf3 dxe4 15. Nxe4 Ra7 16. bxc3 Bxe4 17. Bxe4 Bd6 18. Rb1 Ne7 19. Rf6 Kd7 20. Ba3 Be5 21. Rf7 Ke6 22. Bxc5 Rc7 23.
Rxe7+ Rxe7 24. Bxe7 Kxe7 25. d4 Bc7 26. Rb7 Rc8 27. c4 Kf6 28. c5 Re8 29. Rxc7 Rxe4 30. Rc8 Nd7 31. c6 Nb6 32. Rb8 Nd5 33. c4 Nc7 34. d5 Rxc4 35.
d6 Rxc6 36. dxc7 Rxc7 37. Rb6+ Ke5 38. Rxa6 Kd5 39. Kf2 Kc4 40. a4 Kb4 41. Kg3 Rc3+ 42. Kh4 Rc2 43. Kh3 Rc5 44. g3 Rc7 45.
Kh4 Rd7 46. g4 Rc7 47. Kg5 Rc2 48. h4 Rc5+ 49. Kh6 Rc4 50. Kg5 Rc5+ 51. Kf4 Rc4 52. Kf3 Rc3+ 53. Kf4 Rc4 54. Ke3 1/2-1/2

[Event "NJSK 2021 Jeugd B"]
[Site "Almelo, Netherlands"]
[Date "2021.08.03"]
[Round "3.8"]
[White "Franke, Daniel"]
[Black "Arnold, Lorin"]
[Result "1-0"]
[TimeControl "90min/40moves + 30min + 30sec/move"]
[WhiteElo "1554"]
[BlackElo "1651"]

1. d4 d5 2. c4 e6 3. Nf3 f5 4. Nc3 Nf6 5. Bg5 c6 6.
e3 Bd6 7. Bd3 O-O 8. O-O Qe8 9. c5 Bc7 10. Bxf6 Rxf6 11. Ne5 Nd7 12. f4 Rh6 13. Nxd7 Bxd7 14. b4 Qe7 15. g3 Be8 16.
Be2 g5 17. Rf2 g4 18. Rb1 Rg6 19. Bf1 h5 20. Qa4 h4 21. b5 Bd8 22. bxc6 Bxc6 23. Bb5 hxg3 24. hxg3 Rh6 25. Rg2 Qh7 26.
Kf2 Rh2 27. Rbg1 Qh3 28. Bxc6 Bh4 29. Ne2 bxc6 30. Qxc6 Rb8 31. Qxe6+ Kh7 32. Qxf5+ Kh6 33. Qc2 Rxg2+ 34. Rxg2 Qh1 35.
Qc1 Bxg3+ 36. Rxg3 Qh2+ 37. Rg2 Qh3 38. Ng3 Qh4 39. Kg1 Kg7 40. Nf5+ 1-0

[Event "NJSK 2021 Jeugd B"]
[Site "Almelo, Netherlands"]
[Date "2021.08.04"]
[Round "4.1"]
[White "Slagboom, Leandro"]
[Black "Pham, Khoi"]
[Result "1/2-1/2"]
[TimeControl "90min/40moves + 30min + 30sec/move"]
[WhiteElo "1996"]
[BlackElo "2128"]

1. Nf3 g6 2. c4 Bg7 3. d4 Nf6 4. g3 O-O 5. Bg2 d6 6. Nc3 c5 7. O-O Nc6 8. b3 cxd4 9. Nxd4 Nxd4 10.
Qxd4 Bf5 11. Bb2 Ne4 12. Qe3 Nxc3 13. Bxc3 Bxc3 14. Qxc3 Qc7 15. Qe3 a5 16. Rac1 Rfc8 17. Rfd1 Rab8 18.
a3 Qc5 19. Qxe7 Qxa3 20. Bd5 1/2-1/2

[Event "NJSK 2021 Jeugd B"]
[Site "Almelo, Netherlands"]
[Date "2021.08.04"]
[Round "4.2"]
[White "Boghossian, Wahe"]
[Black "Van Kuijk, Vadim"]
[Result "1-0"]
[TimeControl "90min/40moves + 30min + 30sec/move"]
[WhiteElo "1915"]
[BlackElo "1722"]

1. e4 c6 2. d4 d5 3. e5 Bf5 4. h4 h5 5. Bd3 Bxd3 6. Qxd3 e6 7. Bg5 Be7 8. Nf3 Nh6 9. Nbd2 Nf5 10.
Rb1 f6 11. Bf4 Na6 12. c3 Qb6 13. b4 Nc7 14. a4 a6 15. Qe2 Kf7 16. exf6 gxf6 17. a5 Qb5 18. Bxc7 Rag8 19. g3 Nd6 20.
Bxd6 Bxd6 21. Qxb5 cxb5 22. Nb3 Rg4 23. Nc5 e5 24. Nxb7 Bc7 25. Nc5 Re8 26. dxe5 fxe5 27. Ng5+ Kf6 28.
O-O e4 29. Kg2 e3 30. f4 e2 31. Nxa6 exf1=Q+ 32. Rxf1 Bd6 33. Kf3 Rc8 34. Rc1 Kf5 35. Kf2 d4 36. Nc5 Bxc5 37. bxc5 Rxc5 38.
a6 d3 39. a7 Rc8 40. Rd1 Ra8 41. Rxd3 Rxa7 42. Rd5+ Kg6 43. Rxb5 Ra2+ 44. Kf3 Rd2 45. f5+ Kh6 46. Rb6+ Kg7 47.
Rb7+ Kf8 48. Nh7+ Kg8 49. Nf6+ Kf8 50. Nxg4 1-0

[Event "NJSK 2021 Jeugd B"]
[Site "Almelo, Netherlands"]
[Date "2021.08.04"]
[Round "4.3"]
[White "Achuthan, Dylan"]
[Black "Boeren, Jurriaan"]
[Result "1-0"]
[TimeControl "90min/40moves + 30min + 30sec/move"]
[WhiteElo "1888"]
[BlackElo "1614"]

1. Nf3 d5 2. g3 Nf6 3. Bg2 e6 4. O-O Be7 5. d3 O-O 6. Nbd2 b6 7. e4 dxe4 8. Ng5 Bb7 9. Ndxe4 Nxe4 10.
Nxe4 Qc8 11. Bd2 Nd7 12. Bc3 Bf6 13. Nxf6+ Nxf6 14. Bxf6 gxf6 15. Qg4+ Kh8 16. Qh4 f5 17. Qf6+ Kg8 18.
Qg5+ Kh8 19. Qf6+ Kg8 20. Bxb7 Qxb7 21. a4 Qd5 22. Qg5+ Kh8 23. Qf6+ Kg8 24. Ra3 Rfd8 25. Rc3 c5 26.
Rc4 Qf3 27. Rh4 Rd4 28. Rxd4 cxd4 29. Qxd4 Rc8 30. c4 Qc6 31. Ra1 Qc5 32. Qxc5 bxc5 33. Kf1 Rb8 34. Ra2 Kg7 35. Ke2 Kf6 36.
Kd2 a5 37. Kc3 e5 38. Ra3 Ke6 39. Rb3 Rxb3+ 40. Kxb3 e4 41. Kc3 Ke5 42. b3 h6 43. Kd2 Kd4 44. dxe4 Kxe4 45. Kc3 f6 46.
Kd2 f4 47. gxf4 Kxf4 48. f3 Kxf3 49. b4 cxb4 50. c5 b3 51. c6 b2 52. Kc2 Kg2 53. c7 Kxh2 54. c8=Q h5 55. Qh8 1-0